Map: Orbital Shipyard

Players

Manta - Winner!

  • Race: Zerg Zerg
  • League: Silver

ArcticFox

  • Race: Protoss Protoss
  • League: Silver

VOD

Have the link to the VOD?

Description

Time

  • Played on: Feb. 18, 2016, 5:58 p.m.
  • Length: 4:10
Show
View Real Time Build Order
Export as new Build Order

Manta Zerg - Winner!

Build Orders: Hatch First 

Get SALT Encoding   

  12  0:02  Drone  
  13  0:14  Extractor  
  12  0:58  Hatchery  
  12  1:02  Spawning Pool  
  10  1:05  Drone  
  11  1:14  Drone  
  12  1:22  Drone  
  12  1:25  Drone  
  14  1:34  Overlord  
  14  1:53  Zergling x4  
  16  1:59  Overlord  
  18  2:11  Queen  
  18  2:12  Zergling x2  
  19  2:20  Zergling x2  
  19  2:22  Zergling x2  
  21  2:23  Metabolic Boost  
  21  2:34  Zergling x2  
  22  2:37  Drone x2  
  24  2:51  Zergling x2  
  24  2:52  Queen  
  24  2:54  Drone  
  25  3:13  Zergling x4  
  26  3:25  Zergling x2  
  26  3:26  Zergling x6  
Show
View Real Time Build Order
Export as new Build Order

ArcticFox Protoss 

Build Orders: 1 Gate Expand 

Get SALT Encoding   

  12  0:01  Probe (Chrono Boost)  
  13  0:11  Probe (Chrono Boost)  
  14  0:22  Pylon, Probe (Chrono Boost)  
  15  0:31  Assimilator  
  15  0:40  Probe (Chrono Boost)  
  16  0:45  Gateway  
  16  0:56  Probe (Chrono Boost)  
  17  1:15  Probe (Chrono Boost)  
  18  1:23  Nexus  
  18  1:42  Cybernetics Core  
  18  1:43  Probe (Chrono Boost)  
  19  1:53  Probe (Chrono Boost)  
  19  1:54  Assimilator  
  20  2:01  Pylon  
  20  2:04  Probe (Chrono Boost)  
  23  2:22  Mothership Core (Chrono Boost)  
  25  2:26  Adept (Chrono Boost)  
  25  2:39  Gateway  
  25  2:42  Probe, Gateway  
  28  2:53  Pylon  
  28  2:56  Pylon  
  23  3:20  Probe  
  20  3:32  Probe  
  24  3:35  Adept x2 (Chrono Boost)  
  24  3:44  Probe  
  17  3:56  Probe  
Tags
 
Add a new tag
Caveats
  • Supply blocks, unpowered buildings, or Contaminate may cause inaccurate times.
  • Supply counts are checked every 10 seconds.